 Dungeon Sprint DCSS version 0.21-a0-104-g7b58145 (webtiles) character file.

11949 Kidiri the Unseen (level 11, -4/58 HPs)
             Began as a Spriggan Enchanter on July 6, 2017.
             Was a High Priest of Dithmenos.
             Engulfed by a cloud of flame (17 damage)
             ... in the Dungeon (Sprint II: "The Violet Keep of Menkaure").
             The game lasted 00:22:00 (3085 turns).

Kidiri the Unseen (Spriggan Enchanter)              Turns: 3085, Time: 00:22:00

Health: -4/58      AC:  5    Str:  6    XL:     11   Next: 56%
Magic:  30/30      EV: 33    Int: 21    God:    Dithmenos [*****.]
Gold:   208        SH:  7    Dex: 21    Spells: 11/38 levels left

rFire    x . .     SeeInvis +   a - +1 dagger
rCold    . . .     Gourm    .   b - +0 buckler
rNeg     . . .     Faith    .   x - +2 robe "Geicurer" {rCorr Dex+3}
rPois    .         Spirit   .   (helmet restricted)
rElec    .         Reflect  .   q - +0 cloak
rCorr    +         Harm     .   (gloves unavailable)
MR       +....     NoTele   +   (boots unavailable)
Stlth    ++++++++++             (no amulet)
HPRegen  0.19/turn              (no ring)
MPRegen  0.22/turn              y - ring "Humoydea" {-Tele +Fly rF- Slay+5 Stlth+}

@: lethally poisoned (-4 -> -11), flying, wreathed by umbra, very quick
A: unfitting armour, claws 1, see invisible, clever 1, herbivore 3, speed 3,
slow metabolism 2, strong 1, evolution 2
a: Shadow Step, Shadow Form, Renounce Religion, Stop Flying


You were in the Dungeon.
You worshipped Dithmenos.
Dithmenos was extremely pleased with you.
You were not hungry.

You visited 1 branch You collected 1940 gold pieces.
You spent 1732 gold pieces at shops.

Inventory:

Hand Weapons
 a - a +1 dagger (weapon)
Armour
 b - a +0 buckler (worn)
 p - a +1 robe
 q - a +0 cloak (worn)
 x - the +2 robe "Geicurer" (worn) {rCorr Dex+3}
   (You bought it in a shop in the Dungeon)

   It affects your dexterity (+3).
   It protects you from acid and corrosion.
Jewellery
 e - the ring of Hushiarr {rPois Int+5 Dex+3}
   (You bought it in a shop in the Dungeon)

   [ring of poison resistance]

   It affects your intelligence (+5).
   It affects your dexterity (+3).
   It protects you from poison.
 o - an uncursed ring of protection from fire
 y - the ring "Humoydea" (right claw) {-Tele +Fly rF- Slay+5 Stlth+}
   (You bought it in a shop in the Dungeon)

   [ring of flight]

   It affects your accuracy and damage with ranged weapons and melee attacks
   (+5).
   It makes you vulnerable to fire.
   It lets you fly.
   It prevents most forms of teleportation.
   It makes you more stealthy.
Scrolls
 i - a scroll of random uselessness {unknown}
 j - 3 scrolls of blinking
 k - a scroll of enchant weapon {unknown}
 l - a scroll of magic mapping {unknown}
 n - a scroll of recharging {unknown}
 t - 2 scrolls of amnesia {unknown}
Potions
 f - 4 potions of resistance {unknown}
 g - a potion of haste
 h - 4 potions of magic
 m - 2 potions of lignification
 r - 6 potions of flight
 v - a potion of agility
 w - a potion of cancellation
Books
 c - a book of Maledictions

   Spells                             Type                      Level
   a - Corona                         Hexes                        1
   b - Ensorcelled Hibernation        Hexes/Ice                    2
   c - Confuse                        Hexes                        3
   d - Tukima's Dance                 Hexes                        3
   e - Dazzling Spray                 Conjuration/Hexes            3
 z - a book of the Earth

   Spells                             Type                      Level
   a - Leda's Liquefaction            Hexes/Earth                  4
   b - Bolt of Magma                  Conjuration/Fire/Earth       5
   c - Statue Form                    Transmutation/Earth          6
   d - Iron Shot                      Conjuration/Earth            6
   e - Shatter                        Earth                        9
Comestibles
 d - a bread ration
 s - 2 fruits


   Skills:
 + Level 7.2 Fighting
 * Level 13.0 Short Blades
 + Level 6.4 Armour
 * Level 16.4 Dodging
 * Level 17.8 Stealth
 + Level 2.3 Shields
 * Level 14.1 Spellcasting
 + Level 11.0 Hexes
 * Level 4.4 Earth Magic
 - Level 4.3 Invocations
 + Level 4.3 Evocations


You had 11 spell levels left.
You knew the following spells:

 Your Spells              Type           Power        Failure   Level  Hunger
a - Corona                Hex            ######.      1%          1    None
b - Ensorcelled Hibernat  Hex/Ice        #####.       1%          2    None
c - Confuse               Hex            ######..     1%          3    None
d - Tukima's Dance        Hex            ######..     1%          3    None
e - Dazzling Spray        Conj/Hex       #####.       1%          3    None
f - Iron Shot             Conj/Erth      ###.......   98%         6    #####..
g - Shatter               Erth           ####......   100%        9    #######


Dungeon Overview and Level Annotations

Branches:
Dungeon (1/1)

Altars:
Cheibriados
Dithmenos
Elyvilon
Fedhas
Gozag
Hepliaklqana
Kikubaaqudgha
Makhleb
Nemelex Xobeh
Okawaru
Qazlal
Ru
Sif Muna
Trog
Uskayaw
Vehumet
Wu Jian
Xom
Yredelemnul
Zin
The Shining One
Beogh
Jiyva
Lugonu

Shops:
D :[([(!([?:}[=!=%

Annotations:
D exclusions: oklob plant and swamp drake, Roxanne, Sonja


Innate Abilities, Weirdness & Mutations

You are very small and have problems with some larger weapons.
You are too small for most types of armour.
You have supernaturally acute eyesight. (SInv)
You are a herbivore.
You cover ground extremely quickly.
You need consume almost no food.
You have sharp fingernails.
Your mind is acute. (Int +2)
Your muscles are strong. (Str +2)
You rapidly evolve.


Message History

You feel sick.
There is an open door here.
Unknown command.
Okay, then.
Unknown command.
Unknown command.
Put on which piece of jewellery? (? for menu, Esc to quit)
You're wearing all the rings you can.
Remove which one? (? for menu, Esc to cancel) < or
o - a ring of protection from fire > or
y - the ring "Humoydea" {-Tele +Fly rF- Slay+5 Stlth+}
Okay, then.
Put on which piece of jewellery? (? for menu, Esc to quit)
You're wearing all the rings you can.
Remove which one? (? for menu, Esc to cancel) < or
o - a ring of protection from fire > or
y - the ring "Humoydea" {-Tele +Fly rF- Slay+5 Stlth+} You remove your ring of protection from fire.
You are engulfed in blazing flames.
You die...

##!?h######≈≈####.#.####≈≈...
#?hG#aa+ ##≈≈≈#.###.#≈§≈≈≈≈≈
#∩Ph+.a#+ #+#≈##.#.##§≈≈≈≈≈≈
#$$h#(##§##.#≈≈##+##≈≈≈≈≈≈≈≈
#:..###§§≈####≈≈≈≈≈≈≈≈≈≈≈§§§
##+###§§§§§# #+++#+++#§≈≈§≈≈
q}##§§≈§§###§§§§§§§##≈≈§##
+###§§§≈§##≈≈§§§§≈§≈##≈≈#.
+§§§§≈@§≈≈§§§§§§≈≈+≈≈#+
#§§§≈≈##§≈§§§§§≈≈##§≈§≈
#§§§§§###≈≈§§§§≈#######
#≈≈§§§# ####'####§§zzzz
##≈≈≈## #####≈.§§zzz ##§##
....+≈≈≈≈§z§§ ##
####.##.§§§§§≈ [oo#..##§§§§§≈
#####.. #######


You could see 3 soldier ants.

Vanquished Creatures
  2 sphinxes (D)
  A kraken (D)
  A crystal guardian (D)
  An ice dragon (D)
  2 death drakes (D)
  2 deep trolls (D)
  An obsidian statue (D)
  A yaktaur (D)
  3 polar bears (D)
  A hornet (D)
  2 tyrant leeches (D)
  2 hippogriffs (D)
  2 wyverns (D)
  A vampire mosquito (D)
  Menkaure (D)
  2 swamp drakes (D)
  4 necrophages (D)
  3 crocodiles (D)
  4 lava snakes (D)
  4 worker ants (D)
  2 spectral adders (D)
  A tentacle (D)
43 creatures vanquished.

Vanquished Creatures (others)
  A crocodile (D)
  27 tentacles (D)
28 creatures vanquished.

Grand Total: 71 creatures vanquished

Notes
Turn   | Place    | Note
-------+----------+-------------------------------------------
     0 | D        | Kidiri the Spriggan Enchanter began the quest for the Orb.
     0 | D        | Reached XP level 1. HP: 9/9 MP: 5/5
     1 | D        | Noticed a hippogriff
     1 | D        | Noticed a hippogriff
     5 | D        | Noticed a worker ant
     5 | D        | Noticed a worker ant
     9 | D        | Noticed a tyrant leech
     9 | D        | Noticed a tyrant leech
    13 | D        | Noticed a necrophage
    13 | D        | Noticed a necrophage
    13 | D        | Noticed a necrophage
    13 | D        | Noticed a necrophage
    21 | D        | Killed a necrophage
    21 | D        | Reached skill level 1 in Fighting
    21 | D        | Reached skill level 1 in Armour
    21 | D        | Reached skill level 5 in Dodging
    21 | D        | Reached skill level 7 in Stealth
    21 | D        | Reached XP level 2. HP: 11/15 MP: 4/8
    21 | D        | Reached XP level 3. HP: 13/18 MP: 5/10
    21 | D        | Reached XP level 4. HP: 17/23 MP: 5/11
    25 | D        | Killed a necrophage
    25 | D        | Reached skill level 8 in Stealth
    25 | D        | Reached skill level 5 in Hexes
    25 | D        | Reached XP level 5. HP: 19/26 MP: 5/14
    38 | D        | Killed a necrophage
    38 | D        | Reached skill level 5 in Short Blades
    38 | D        | Reached skill level 9 in Stealth
    72 | D        | HP: 1/25 [necrophage (2)]
    88 | D        | Killed a necrophage
    88 | D        | Reached skill level 10 in Stealth
    88 | D        | Reached XP level 6. HP: 2/32 MP: 14/17
   102 | D        | Learned a level 2 spell: Ensorcelled Hibernation
   106 | D        | Learned a level 3 spell: Confuse
   110 | D        | Learned a level 3 spell: Tukima's Dance
   115 | D        | Learned a level 3 spell: Dazzling Spray
   438 | D        | Killed a hippogriff
   438 | D        | Reached skill level 11 in Stealth
   438 | D        | Reached XP level 7. HP: 37/37 MP: 15/19
   452 | D        | Killed a hippogriff
   452 | D        | Reached skill level 10 in Dodging
   461 | D        | Noticed an obsidian statue
   556 | D        | Killed a tyrant leech
   556 | D        | Reached skill level 12 in Stealth
   558 | D        | Killed a tyrant leech
   558 | D        | Reached XP level 8. HP: 42/42 MP: 14/22
   565 | D        | Noticed Roxanne
   566 | D        | Noticed Menkaure
   582 | D        | Killed Menkaure
   588 | D        | Found Vocaewuo's Food Shoppe.
   616 | D        | Found Fuun's Jewellery Emporium.
   617 | D        | Found Rison's Jewellery Shoppe.
   618 | D        | Found Ferem's Book Shoppe.
   618 | D        | Found Lothazim's Magic Scroll Emporium.
   618 | D        | Found Inla's Armour Shoppe.
   630 | D        | Reached skill level 10 in Spellcasting
   634 | D        | Found Plog's Distillery.
   634 | D        | Found Zutain's Weapon Shoppe.
   636 | D        | Found Heivoyzy's Antique Armour Shoppe.
   636 | D        | Found Aleteh's Antique Armour Emporium.
   637 | D        | Found Ykedd's Antique Weapon Shoppe.
   637 | D        | Found Guys's Antique Armour Emporium.
   638 | D        | Found Iggahycw's Distillery.
   638 | D        | Found Piosar's Antique Weapon Emporium.
   639 | D        | Found Zoweab's Gadget Emporium.
   642 | D        | Noticed a great orb of eyes
   642 | D        | Noticed an oklob plant
   643 | D        | Found Hyeraite's Book Shoppe.
   684 | D        | Bought the ring of Hushiarr {rPois Int+5 Dex+3} for 525 gold pieces
   713 | D        | Found a blossoming altar of Fedhas.
   714 | D        | Found a white marble altar of Elyvilon.
   715 | D        | Found a shadowy altar of Dithmenos.
   715 | D        | Found a corrupted altar of Lugonu.
   715 | D        | Found an opulent altar of Gozag.
   715 | D        | Found a burning altar of Makhleb.
   716 | D        | Found a snail-covered altar of Cheibriados.
   716 | D        | Found an ancient bone altar of Kikubaaqudgha.
   716 | D        | Found a bloodstained altar of Trog.
   716 | D        | Found a sparkling altar of Nemelex Xobeh.
   716 | D        | Found a hide-covered altar of Uskayaw.
   717 | D        | Found a roughly hewn altar of Beogh.
   717 | D        | Found a viscous altar of Jiyva.
   717 | D        | Found a deep blue altar of Sif Muna.
   717 | D        | Found a basalt altar of Yredelemnul.
   718 | D        | Found a hazy altar of Hepliaklqana.
   718 | D        | Found a sacrificial altar of Ru.
   719 | D        | Found a shimmering altar of Xom.
   720 | D        | Found a stormy altar of Qazlal.
   720 | D        | Found an ornate altar of the Wu Jian Council.
   720 | D        | Found a glowing golden altar of the Shining One.
   720 | D        | Noticed a hornet
   720 | D        | Noticed a polar bear
   721 | D        | Noticed a polar bear
   722 | D        | Noticed a polar bear
   729 | D        | Noticed a yaktaur
   733 | D        | Killed a polar bear
   733 | D        | Reached skill level 13 in Stealth
   738 | D        | Killed a polar bear
   739 | D        | Killed a polar bear
   739 | D        | Reached skill level 5 in Fighting
   739 | D        | Reached XP level 9. HP: 41/47 MP: 12/24
   750 | D        | Killed a yaktaur
   750 | D        | Reached skill level 10 in Short Blades
   750 | D        | Reached skill level 14 in Stealth
   759 | D        | Found a radiant altar of Vehumet.
   759 | D        | Found an iron altar of Okawaru.
   759 | D        | Found a glowing silver altar of Zin.
   766 | D        | Became a worshipper of Dithmenos the Shadowed
   777 | D        | Noticed an ice dragon
   779 | D        | Killed an ice dragon
   779 | D        | Reached skill level 5 in Armour
   779 | D        | Reached skill level 1 in Invocations
   798 | D        | Reached * piety under Dithmenos
   811 | D        | Noticed a deep elf master archer
   879 | D        | Noticed a death drake
   906 | D        | Killed a death drake
   906 | D        | Reached ** piety under Dithmenos
   906 | D        | Reached skill level 15 in Stealth
   906 | D        | Reached XP level 10. HP: 48/53 MP: 25/27
   942 | D        | Noticed a kraken
  1038 | D        | Gained mutation: You evolve. [potion of mutation]
  1038 | D        | Gained mutation: You rapidly evolve. [potion of mutation]
  1038 | D        | Gained mutation: You have sharp fingernails. [potion of mutation]
  1064 | D        | Gained mutation: Your muscles are strong. (Str +2) [evolution]
  1388 | D        | Noticed a deep troll
  1389 | D        | Noticed a deep troll
  1391 | D        | Killed a deep troll
  1391 | D        | Reached *** piety under Dithmenos
  1392 | D        | Killed a deep troll
  1455 | D        | Killed a kraken
  1455 | D        | Reached skill level 15 in Dodging
  1455 | D        | Reached skill level 16 in Stealth
  1455 | D        | Reached skill level 10 in Hexes
  1682 | D        | Bought 3 scrolls of identify for 72 gold pieces
  1682 | D        | Bought a scroll of identify for 24 gold pieces
  1692 | D        | Bought an embroidered robe for 66 gold pieces
  1705 | D        | Bought a +0 buckler for 63 gold pieces
  1712 | D        | Bought a cloak for 112 gold pieces
  1721 | D        | Bought an ominously black robe for 142 gold pieces
  1731 | D        | Identified the +2 robe "Geicurer" {rCorr Dex+3} (You bought it in a shop in the Dungeon)
  1804 | D        | Bought the ring "Humoydea" {-Tele +Fly rF- Slay+5 Stlth+} for 428 gold pieces
  1860 | D        | Learned a level 6 spell: Iron Shot
  1870 | D        | Learned a level 9 spell: Shatter
  1986 | D        | Gained mutation: Your mind is acute. (Int +2) [evolution]
  2013 | D        | Noticed a sphinx
  2013 | D        | Noticed a sphinx
  2015 | D        | Killed a sphinx
  2015 | D        | Reached skill level 17 in Stealth
  2015 | D        | Reached skill level 1 in Shields
  2015 | D        | Reached XP level 11. HP: 58/58 MP: 24/29
  2018 | D        | Killed a sphinx
  2076 | D        | Noticed a black draconian shifter
  2076 | D        | Noticed a hellephant
  2076 | D        | Noticed Sonja
  2204 | D        | Noticed a death drake
  2204 | D        | Noticed a crystal guardian
  2207 | D        | Reached **** piety under Dithmenos
  2210 | D        | Killed a death drake
  2215 | D        | Killed a crystal guardian
  2628 | D        | Killed an obsidian statue
  2738 | D        | Bought an uncursed ring of protection from fire for 300 gold pieces
  2768 | D        | Reached ***** piety under Dithmenos
  3081 | D        | Noticed a yellow draconian knight
  3085 | D        | Engulfed by a cloud of flame

Vault maps used:
D:        the_violet_keep_of_menkaure

Skill      XL: |  1  2  3  4  5  6  7  8  9 10 11 |
---------------+----------------------------------+-----
Fighting       | 1 2 3 4 5 6 7 |  7.2
Short Blades   | 3 4 6 7 8 9 11 12 13 | 13.0
Armour         | 1 2 3 4 5 6 |  6.4
Dodging        | 5 7 8 9 11 12 13 15 16 | 16.4
Stealth        | 7 8 10 11 12 13 15 17 | 17.8
Spellcasting   | 4 6 7 8 9 10 12 13 14 | 14.1
Hexes          | 4 5 6 7 8 9 10 11 | 11.0
Invocations    | 2 4 |  4.3
Shields        | 1 2 |  2.3
Earth Magic    | 2 4 |  4.4
Evocations     | 2 4 |  4.3

Action                   |  1- 3 |  4- 6 |  7- 9 | 10-12 || total
-------------------------+-------+-------+-------+-------++-------
Melee: Dagger            |     6 |    69 |    43 |    31 ||   149
 Cast: Corona            |     1 |       |       |       ||     1
       Ensorcelled Hiber |       |     3 |    13 |    18 ||    34
       Confuse           |       |       |    10 |     1 ||    11
       Dazzling Spray    |       |       |     7 |    19 ||    26
       Iron Shot         |       |       |       |     3 ||     3
Invok: Shadow Step       |       |       |       |     2 ||     2
 Abil: Evoke Flight      |       |       |       |     8 ||     8
  Use: Potion            |     1 |     2 |     1 |     3 ||     7
       Scroll            |       |       |       |     6 ||     6
 Stab: Sleeping          |       |     5 |     8 |    11 ||    24
       Confused          |       |       |    10 |       ||    10
       Invisible         |       |       |       |     2 ||     2
  Eat: Royal jelly       |       |       |       |     1 ||     1
Armor: Robe              |       |     1 |     1 |     2 ||     4
Dodge: Dodged            |     4 |    45 |    47 |    26 ||   122
Block: Buckler           |       |       |       |     7 ||     7
